Map: Saphir cosmique

Players

Padre

  • Race: Protoss Protoss
  • Spawn Location: 11:00

ShaDoWn - Winner!

  • Race: Protoss Protoss
  • Spawn Location: 5:00

Event: DreamHack SC2 Masters 2022 Atlanta (Offline)

VOD

Have the link to the VOD?

Description

Time

  • Played on: Nov. 18, 2022, 10:15 a.m.
  • Length: 7:33

All games in this series

Show
View Real Time Build Order
Export as new Build Order

Padre Protoss 

Build Orders: Blink Stalkers 

Get SALT Encoding   

  12  0:00  Probe  
  13  0:12  Probe  
  14  0:17  Pylon  
  14  0:24  Probe (Chrono Boost)  
  15  0:36  Probe (Chrono Boost)  
  15  0:38  Gateway  
  16  0:45  Probe (Chrono Boost), Assimilator  
  17  0:51  Probe  
  17  0:54  Assimilator  
  18  1:03  Probe (Chrono Boost)  
  19  1:10  Gateway  
  19  1:12  Probe (Chrono Boost)  
  19  1:17  Probe (Chrono Boost)  
  20  1:25  Cybernetics Core  
  21  1:29  Probe  
  22  1:37  Pylon  
  22  1:41  Probe  
  23  1:55  Probe  
  24  2:01  Stalker x2  
  24  2:02  Warp Gate  
  28  2:09  Probe  
  29  2:18  Pylon  
  29  2:20  Pylon  
  29  2:23  Probe  
  30  2:33  Twilight Council  
  30  2:43  Stalker  
  31  2:50  Probe  
  31  2:51  Stalker  
  34  2:56  Shield Battery  
  34  3:02  Blink (Chrono Boost)  
  35  3:12  Probe  
  35  3:18  Stalker  
  37  3:30  Pylon  
  33  3:45  Gateway  
  33  3:50  Stalker  
  35  3:56  Pylon  
  35  4:00  Probe  
  34  4:02  Stalker  
  34  4:08  Gateway  
  36  4:13  Probe  
  37  4:22  Stalker  
  39  4:28  Stalker  
  41  4:39  Stalker  
  41  4:51  Stalker  
  41  4:52  Stalker  
  45  5:02  Sentry  
  45  5:05  Stalker  
  47  5:21  Pylon  
  45  5:22  Stalker x2  
  49  5:30  Stalker x2  
  53  5:39  Pylon  
  53  5:59  Stalker x2  
  53  6:00  Stalker  
  53  6:16  Stalker  
  51  6:23  Stalker x2  
  45  6:49  Stalker x2  
  45  6:52  Stalker  
  45  6:53  Stalker  
Show
View Real Time Build Order
Export as new Build Order

ShaDoWn Protoss - Winner!

Build Orders: Phoenix Opening 

Get SALT Encoding   

  12  0:00  Probe  
  13  0:12  Probe  
  14  0:17  Pylon  
  14  0:24  Probe  
  15  0:35  Gateway  
  15  0:37  Probe (Chrono Boost)  
  16  0:47  Probe (Chrono Boost), Assimilator  
  17  0:52  Probe (Chrono Boost)  
  17  0:55  Assimilator  
  18  1:03  Probe (Chrono Boost)  
  19  1:08  Gateway  
  19  1:12  Probe (Chrono Boost)  
  19  1:18  Probe  
  20  1:24  Cybernetics Core  
  21  1:30  Probe  
  22  1:34  Pylon  
  22  1:42  Probe  
  23  1:54  Probe  
  23  2:00  Stalker x2  
  23  2:01  Warp Gate  
  28  2:14  Pylon  
  28  2:30  Stalker  
  28  2:32  Stalker  
  28  2:34  Probe  
  33  2:52  Nexus  
  33  2:55  Probe  
  34  3:01  Sentry  
  34  3:02  Sentry  
  38  3:07  Pylon  
  38  3:09  Probe  
  39  3:27  Probe  
  39  3:28  Twilight Council  
  38  3:39  Probe (Chrono Boost)  
  39  3:43  Phoenix  
  39  3:50  Probe (Chrono Boost)  
  39  3:51  Sentry, Stalker  
  39  3:55  Probe (Chrono Boost)  
  44  4:02  Shield Battery  
  45  4:06  Probe  
  44  4:10  Probe  
  45  4:18  Probe  
  45  4:19  Gateway  
  46  4:27  Robotics Facility  
  46  4:28  Stalker  
  46  4:29  Stalker  
  50  4:31  Probe  
  50  4:33  Probe  
  52  4:43  Probe  
  52  4:45  Probe  
  52  4:53  Stalker x2  
  52  4:56  Shield Battery, Probe  
  52  4:57  Probe  
  56  5:06  Pylon  
  56  5:08  Probe  
  56  5:13  Immortal (Chrono Boost)  
  57  5:15  Probe  
  57  5:21  Pylon  
  62  5:26  Stalker x3  
  62  5:27  Phoenix  
  68  5:31  Assimilator x2, Pylon  
  72  5:43  Immortal (Chrono Boost)  
  72  5:48  Probe  
  73  5:55  Zealot x2, Stalker  
  79  6:01  Probe  
  79  6:02  Probe  
  75  6:07  Pylon  
  75  6:14  Probe x2  
  73  6:18  Warp Prism  
  75  6:26  Zealot, Probe  
  76  6:38  Nexus  
  76  6:39  Pylon  
  74  6:46  Stalker x3  
  73  6:51  Observer  
  73  7:00  Probe  
  75  7:08  Probe  
  74  7:12  Stalker x3  
  74  7:13  Probe  
  80  7:20  Probe  
Tags
 
Add a new tag
Caveats
  • Supply blocks, unpowered buildings, or Contaminate may cause inaccurate times.
  • Supply counts are checked every 10 seconds.